 Dungeon Crawl Stone Soup version 0.27-a0-1202-ge72e49191c (webtiles) character file.

Game seed: 14113532796353024575

434 Glokmah the Stinger (level 6, -10/28 HPs)
             Began as a Spriggan Venom Mage on June 4, 2021.
             Was a Priest of Qazlal.
             Mangled by Duvessa
             ... wielding a +3 short sword of flaming
              (14 damage)
             ... on level 4 of the Dungeon.
             The game lasted 00:11:47 (4917 turns).

Glokmah the Stinger (Spriggan Venom Mage)           Turns: 4917, Time: 00:11:48

Health: -10/28     AC:  3    Str:  4    XL:     6   Next: 68%
Magic:  2/13       EV: 17    Int: 18    God:    Qazlal [***...]
Gold:   199        SH:  4    Dex: 16    Spells: 2/13 levels left

rFire    . . .     SeeInvis +   c - +1 short sword
rCold    . . .     Faith    .   (shield restricted)
rNeg     . . .     Spirit   .   a - +1 robe
rPois    .         Reflect  .   (helmet restricted)
rElec    .         Harm     .   (no cloak)
rCorr    .         Rampage  .   (gloves unavailable)
Will     +....                  (boots unavailable)
Stlth    ++........             (no amulet)
HPRegen  0.09/turn              n - +4 ring of slaying
MPRegen  0.13/turn              (no ring)

@: very quick
A: very small, no large weapons, unfitting armour, see invisible, speed 3
a: Renounce Religion, Upheaval, Elemental Force


You were on level 4 of the Dungeon.
You worshipped Qazlal.
Qazlal was most pleased with you.
You visited 1 branch of the dungeon, and saw 4 of its levels.

You collected 199 gold pieces.

Inventory:

Hand Weapons
 c - a +1 short sword (weapon)
Missiles
 i - 8 poisoned darts
Armour
 a - a +1 robe (worn)
Jewellery
 b - a ring of ice
 n - a +4 ring of slaying (left hand)
Scrolls
 e - 2 scrolls of identify
Potions
 d - 2 potions of resistance
 f - a potion of curing {unknown}
 g - a potion of flight {unknown}
 j - a potion of mutation {unknown}
 l - a potion of cancellation {unknown}
 m - a potion of degeneration {unknown}


   Skills:
 - Level 2.6 Dodging
 - Level 3.0 Stealth
 + Level 4.4 Spellcasting
 - Level 3.0 Transmutations
 + Level 1.5 Fire Magic
 + Level 1.5 Air Magic
 * Level 5.2 Poison Magic
 + Level 2.2 Invocations


You had 2 spell levels left.
You knew the following spells:

 Your Spells              Type           Power      Damage    Failure   Level
a - Sting                 Tmut/Pois      72%        1d6       2%          1
b - Poisonous Vapours     Pois/Air       32%        N/A       5%          2
c - Searing Ray           Conj           8%         3d3       22%         2
d - Ignite Poison         Fire/Tmut/Pois 15%        N/A       11%         3
e - Mephitic Cloud        Conj/Pois/Air  12%        N/A       17%         3

Your spell library contained the following spells:

 Spells                   Type           Power      Damage    Failure   Level
 Magic Dart               Conj           16%        1d3       14%         1
 Olgreb's Toxic Radiance  Pois           23%        N/A       16%         4
 Dazzling Flash           Conj/Hex       8%         N/A       38%         3
 Fulminant Prism          Conj/Hex       2%         3d6       80%         4
 Iskenderun's Mystic Bla  Conj/Tloc      4%         2d3       80%         4


Dungeon Overview and Level Annotations

Branches:
Dungeon (4/15)
 Temple: D:4-7

Altars:
Qazlal
Vehumet
Xom

Shops:
D:2 (

Annotations:
D:4 Duvessa


Innate Abilities, Weirdness & Mutations

You are very small and have problems with some larger weapons.
You are too small for most types of armour.
You have supernaturally acute eyesight. (SInv)
You cover ground extremely quickly. (Speed+++)


Message History

Dowan seems to burn from within!!!
You kill Dowan!
Qazlal accepts your kill.
Duvessa weeps, then rights herself and shakes her weapon.
Duvessa goes berserk!
Casting: Ignite Poison (quite dangerous; 11% risk of failure)
Confirm with . or Enter, or press ? or * to list all spells.
Aiming: Sting (safe; 2% risk of failure)
Press: ? - help, Shift-Dir - straight line, f - you
Okay, then.
Casting: Sting (safe; 2% risk of failure)
Confirm with . or Enter, or press ? or * to list all spells.
Aiming: Poisonous Vapours (safe; 5% risk of failure)
Press: ? - help, Dir - move target, f - adder
Aim: an adder Poisonous vapours surround the adder!
The adder is poisoned.
Casting: Poisonous Vapours (safe; 5% risk of failure)
Confirm with . or Enter, or press ? or * to list all spells.
Aiming: Sting (safe; 2% risk of failure)
Press: ? - help, Shift-Dir - straight line, f - Duvessa, p - adder
Aim: Duvessa, wielding a +3 short sword of flaming and wearing a +0 scale mail (berserk, 81% to hit)
The sting hits Duvessa.
Duvessa is poisoned.
Duvessa is lightly wounded.
Duvessa rages.
Casting: Sting (safe; 2% risk of failure)
Confirm with . or Enter, or press ? or * to list all spells.
Aiming: Sting (safe; 2% risk of failure)
Press: ? - help, Shift-Dir - straight line, f/p - Duvessa
Aim: Duvessa, wielding a +3 short sword of flaming and wearing a +0 scale mail (lightly wounded, berserk, poisoned, 81% to hit)
The sting hits Duvessa but does no damage.
Duvessa looks even sicker.
Duvessa is lightly wounded.
Duvessa hits you with a +3 short sword of flaming!
Duvessa burns you.
* * * LOW HITPOINT WARNING * * *
Duvessa is engulfed in blazing flames.
Duvessa rages.
Duvessa hits you with a +3 short sword of flaming!
Ouch! That really hurt!
You die...

..#.........) #+##
#.##....####.
#..####.##....#####
#..................
###########..................
#...........°...S............
####'######○...##.......##...
#.........#..e.########## ###
#.........+○@...#
#.........#.....#
#.........#.....#
#.........##...#######
##+#.......###+#.....#
#.......# #....<# +.......+
#....)# #.......# #.....#
#.......# #.....########


You could see Duvessa (berserk, poisoned) and an adder (poisoned).

Vanquished Creatures
  Eustachio (D:4)
  Dowan (D:4)
  A centaur zombie (D:4)
  2 orc wizards
  A hound skeleton (D:4)
  4 adders
  An adder skeleton (D:4)
  A dart slug (D:3)
  4 worms
  7 orcs
  8 ball pythons
  6 bats
  5 endoplasms
  4 giant cockroaches
  8 goblins
  11 hobgoblins
  4 jackals (D:3)
  10 kobolds
  4 quokkas
  4 frilled lizards
  12 rats
99 creatures vanquished.

Vanquished Creatures (others)
  7 plants (D:2)
7 creatures vanquished.

Grand Total: 106 creatures vanquished

Notes
Turn   | Place    | Note
-------+----------+-------------------------------------------
     0 | D:1      | Glokmah the Spriggan Venom Mage began the quest for the
                  | Orb.
     0 | D:1      | Reached XP level 1. HP: 9/9 MP: 5/5
   293 | D:1      | Reached XP level 2. HP: 13/13 MP: 4/6
   413 | D:1      | Learned a level 2 spell: Poisonous Vapours
   628 | D:1      | Learned a level 2 spell: Searing Ray
   808 | D:1      | Reached XP level 3. HP: 16/16 MP: 0/8
   893 | D:1      | Found a faded altar of an unknown god.
   899 | D:1      | Became a worshipper of Qazlal Stormbringer
   899 | D:1      | Reached * piety under Qazlal
  1101 | D:2      | Learned a level 3 spell: Ignite Poison
  1508 | D:2      | Found Vennuv's Antique Weapon Boutique.
  1820 | D:2      | Reached ** piety under Qazlal
  2007 | D:2      | Reached skill level 4 in Poison Magic
  2007 | D:2      | Reached XP level 4. HP: 21/21 MP: 0/10
  2998 | D:3      | Reached skill level 1 in Invocations
  3415 | D:3      | Found a shimmering altar of Xom.
  3415 | D:3      | Found a radiant altar of Vehumet.
  3574 | D:3      | Reached XP level 5. HP: 24/24 MP: 3/11
  4119 | D:3      | Reached *** piety under Qazlal
  4124 | D:3      | Learned a level 3 spell: Mephitic Cloud
  4205 | D:3      | You fall into a shaft and drop 1 floor!
  4548 | D:4      | Noticed Eustachio
  4568 | D:4      | Killed Eustachio
  4569 | D:4      | Reached skill level 1 in Fire Magic
  4569 | D:4      | Reached skill level 1 in Air Magic
  4569 | D:4      | Reached skill level 5 in Poison Magic
  4569 | D:4      | Reached XP level 6. HP: 19/28 MP: 1/13
  4896 | D:4      | Noticed Dowan
  4898 | D:4      | Noticed Duvessa
  4900 | D:4      | Killed Dowan
  4917 | D:4      | Mangled by Duvessa

Illustrated notes

Levels and vault maps discovered:
D:1:      sevenhm_arrival_forest_fort_small_5, layout_rooms,
          ebering_ecumenical_altar_box
D:2:      layout_basic, serial_shops, shop, serial_bayou_lagoon_a,
          kennysheep_decorative_pillar, minmay_rat_gold_closets
D:3:      layout_loops_ring, jmf_multi_god_temple
D:4:      layout_gridville, kennysheep_little_box, lemuel_crystal_altar,
          temple_hall, kennysheep_generic_room_8, uniq_duvessa, uniq_eustachio

Skill      XL: |  1  2  3  4  5 |
---------------+----------------+-----
Spellcasting   | 3 4 |  4.4
Transmutations | 2 3 |  3.0
Poison Magic   | 4 5 |  5.2
Invocations    | 1 2 |  2.2
Fire Magic     | 1 |  1.5
Air Magic      | 1 |  1.5
Dodging        | |  2.6
Stealth        | |  3.0

Action                   |  1- 3 |  4- 6 || total
-------------------------+-------+-------++-------
Melee: Short sword       |    49 |    50 ||    99
       Spear             |     2 |       ||     2
 Cast: Sting             |    60 |    60 ||   120
       Poisonous Vapours |    10 |    29 ||    39
       Searing Ray       |       |     2 ||     2
       Ignite Poison     |       |     1 ||     1
  Use: Scroll            |       |     4 ||     4
Armor: Robe              |    11 |    10 ||    21
Dodge: Dodged            |    45 |    68 ||   113
Block: Other             |     2 |    11 ||    13

Table legend: (Time is in decaauts)
 A = Elapsed time spent in this place.
 B = Non-inter-level travel time spent in this place.
 C = Inter-level travel time spent in this place.
 D = Time resting spent in this place.
 E = Time spent auto-exploring this place.
 F = Levels seen in this place.
 G = Mean time per level.
                   A        B        C        D        E       F      G
               +--------+--------+--------+--------+--------+-----+--------+
         Total |   4033 |   3908 |    125 |    728 |   2458 |   4 | 1008.2 |
       Dungeon |   4033 |   3908 |    125 |    728 |   2458 |   4 | 1008.2 |
               +--------+--------+--------+--------+--------+-----+--------+

Top non-repeatable levels by time:
     D:2: 1444 daAuts
     D:3: 1250 daAuts
     D:1: 929 daAuts
     D:4: 408 daAuts
